Map: Eternal Empire LE

Players

Silky - Winner!

  • Race: Zerg Zerg
  • Spawn Location: 1:00

Future

  • Race: Terran Terran
  • Spawn Location: 7:00

Event: The Miserable Cup

VOD

Have the link to the VOD?

Description

Time

  • Played on: June 21, 2020, 1:56 p.m.
  • Length: 10:11

All games in this series

Show
View Real Time Build Order
Export as new Build Order

Silky Zerg - Winner!

Build Orders: Hatch First, Muta Ling Bane 

Get SALT Encoding   

  12  0:00  Drone  
  13  0:12  Overlord  
  13  0:17  Drone  
  14  0:31  Drone x2  
  16  0:48  Hatchery  
  15  0:52  Drone  
  15  0:55  Drone  
  17  0:59  Drone  
  18  1:09  Extractor  
  17  1:14  Spawning Pool  
  17  1:17  Drone  
  17  1:20  Drone  
  18  1:28  Drone  
  19  1:39  Drone  
  20  1:49  Overlord  
  20  2:00  Queen x2  
  20  2:01  Zergling x4  
  26  2:12  Drone x2, Metabolic Boost  
  28  2:33  Hatchery  
  28  2:34  Drone  
  28  2:35  Drone  
  29  2:40  Drone  
  29  2:41  Drone  
  31  2:45  Overlord  
  31  2:50  Spore Crawler  
  30  2:53  Drone  
  30  2:56  Queen  
  34  3:01  Drone  
  34  3:02  Drone  
  36  3:07  Overlord  
  36  3:12  Drone x3  
  39  3:16  Drone  
  39  3:18  Drone  
  41  3:23  Drone  
  41  3:25  Drone  
  43  3:31  Queen, Drone  
  46  3:43  Drone x5  
  46  3:45  Queen  
  46  3:47  Drone  
  54  3:49  Drone x3  
  54  3:53  Overlord  
  57  3:56  Drone  
  57  4:02  Overlord  
  57  4:04  Overlord  
  57  4:07  Overlord  
  57  4:11  Queen  
  57  4:12  Drone  
  57  4:13  Spore Crawler  
  57  4:15  Zergling x2  
  60  4:19  Zergling x2  
  60  4:22  Baneling Nest  
  60  4:26  Zergling x8  
  60  4:28  Drone x3  
  60  4:30  Spore Crawler x2  
  65  4:35  Overlord  
  65  4:36  Drone x2  
  67  4:39  Lair  
  67  4:43  Drone x3  
  67  4:45  Zergling x2  
  71  4:48  Drone x2  
  71  4:52  Drone x2, Extractor  
  74  4:53  Drone, Extractor  
  74  4:57  Overlord  
  74  5:00  Zergling x4  
  74  5:04  Zergling x4  
  74  5:05  Drone  
  79  5:09  Drone x3, Extractor  
  81  5:16  Drone  
  82  5:22  Drone  
  82  5:23  Drone x3  
  81  5:30  Drone x4  
  81  5:35  Zergling x2  
  69  5:39  Spire  
  69  5:40  Zergling x6  
  69  5:41  Zergling x2  
  64  5:45  Drone x2  
  64  5:47  Drone  
  64  5:49  Drone x3  
  67  5:53  Drone  
  67  6:00  Centrifical Hooks  
  67  6:04  Drone x3  
  67  6:10  Drone x2  
  70  6:14  Drone  
  71  6:22  Drone x2  
  71  6:23  Hatchery  
  71  6:25  Drone  
  73  6:31  Drone, Extractor x2  
  73  6:32  Drone  
  73  6:35  Drone  
  73  6:38  Drone x2  
  73  6:39  Drone  
  77  6:41  Drone  
  77  6:43  Drone  
  77  6:45  Overlord  
  79  6:51  Drone x2  
  79  6:52  Drone  
  79  6:53  Zerg Flyer Weapons Level 1  
  82  7:00  Mutalisk x5  
  92  7:03  Overlord  
  92  7:04  Baneling  
  92  7:05  Zergling x4, Baneling x2  
  94  7:12  Evolution Chamber  
  94  7:13  Zergling x2  
  94  7:14  Zergling x6, Evolution Chamber  
  96  7:16  Zergling x4  
  96  7:20  Baneling x3  
  97  7:24  Zergling x10  
  97  7:25  Zergling x2  
  97  7:29  Zergling x4  
  105  7:31  Baneling x4  
  105  7:35  Drone  
  105  7:36  Drone  
  107  7:38  Mutalisk x2  
  107  7:43  Zerg Melee Weapons Level 1, Zerg Ground Armor Level 1  
  111  7:44  Drone  
  111  7:45  Drone x2  
  111  7:48  Mutalisk  
  116  7:51  Zergling x4  
  116  7:53  Zergling x6  
  116  7:54  Zergling x8  
  116  7:57  Drone  
  126  8:01  Overlord  
  126  8:14  Overlord  
  126  8:20  Mutalisk x4  
  126  8:21  Hatchery, Overlord  
  126  8:22  Drone x2  
  135  8:28  Overlord  
  135  8:33  Drone x2  
  135  8:34  Drone x6  
  141  8:38  Overlord  
  143  8:42  Mutalisk  
  143  8:43  Mutalisk x3  
  143  8:44  Infestation Pit  
  143  8:45  Zergling x2  
  143  8:46  Overlord  
  151  8:50  Zergling x8  
  151  8:51  Zergling x2  
  156  8:59  Zergling x8  
  156  9:00  Zergling x4  
  156  9:11  Zergling x14  
  163  9:18  Zergling x2  
  163  9:19  Zergling x10  
  163  9:20  Baneling x23  
  163  9:22  Zergling x4  
  171  9:28  Zergling x4  
  171  9:33  Zergling x2  
  171  9:34  Zergling x6  
  172  9:44  Zergling x8  
  171  9:46  Mutalisk x2  
Show
View Real Time Build Order
Export as new Build Order

Future Terran 

Build Orders: Liberator Opening, Reaper Expand 

Get SALT Encoding   

  12  0:00  SCV  
  13  0:13  SCV  
  14  0:17  Supply Depot  
  14  0:25  SCV  
  15  0:39  SCV, Barracks  
  16  0:45  Refinery  
  16  0:51  SCV  
  17  1:03  SCV  
  18  1:15  SCV  
  19  1:27  Orbital Command  
  19  1:28  Reaper  
  20  1:38  Command Center  
  20  1:47  Supply Depot  
  20  1:53  SCV  
  21  2:00  Marine  
  22  2:05  SCV  
  22  2:06  Factory  
  23  2:12  Refinery  
  23  2:17  SCV  
  25  2:26  Barracks Reactor  
  25  2:29  SCV  
  25  2:41  SCV  
  26  2:53  Orbital Command, Starport  
  26  2:54  SCV  
  27  3:06  SCV  
  27  3:07  Hellion x2  
  27  3:09  Barracks Tech Lab  
  32  3:15  Supply Depot  
  32  3:18  SCV  
  32  3:19  SCV  
  34  3:29  Hellion x2, Liberator  
  34  3:30  SCV  
  34  3:31  SCV  
  34  3:32  Marine  
  44  3:39  Supply Depot  
  44  3:43  SCV x2  
  44  3:45  Stimpack  
  46  3:50  Hellion  
  46  3:52  Hellion  
  46  3:55  SCV x2  
  52  4:04  Supply Depot  
  52  4:07  SCV  
  52  4:08  SCV  
  54  4:12  Liberator  
  54  4:15  Hellion x2  
  61  4:19  SCV  
  62  4:26  SCV  
  62  4:28  Supply Depot  
  63  4:31  SCV  
  63  4:34  Command Center  
  63  4:38  SCV  
  65  4:44  SCV  
  66  4:48  Barracks x2  
  66  4:50  SCV  
  66  4:52  Factory Reactor, Marine  
  68  4:56  SCV, Starport Tech Lab  
  69  5:00  Supply Depot  
  69  5:05  SCV  
  69  5:06  Engineering Bay x2  
  70  5:09  SCV  
  70  5:10  Refinery  
  70  5:11  Marine  
  72  5:18  Refinery  
  72  5:19  SCV  
  73  5:22  SCV  
  73  5:25  Combat Shield  
  74  5:28  Marine  
  74  5:32  SCV, Terran Infantry Weapons Level 1  
  74  5:33  Terran Infantry Armor Level 1  
  69  5:41  SCV  
  68  5:44  SCV  
  68  5:46  Starport Reactor  
  68  5:48  Barracks  
  64  5:50  Barracks  
  64  5:51  Orbital Command, Marine  
  64  5:52  Marine x2  
  65  5:58  Marine x2  
  65  6:00  Siege Tank  
  65  6:02  SCV  
  65  6:03  SCV  
  66  6:09  Marine x3  
  66  6:10  Orbital Command  
  68  6:14  SCV  
  68  6:15  SCV  
  68  6:16  Marine x2  
  72  6:24  Medivac  
  72  6:25  Medivac  
  76  6:26  SCV  
  76  6:27  SCV  
  76  6:31  Supply Depot  
  76  6:32  Supply Depot, Siege Tank  
  81  6:34  Marine x5  
  81  6:36  Barracks Reactor  
  81  6:38  SCV x2  
  81  6:39  SCV, Barracks Reactor  
  89  6:46  Supply Depot  
  89  6:48  Armory  
  89  6:49  Supply Depot  
  89  6:50  SCV x2  
  89  6:51  SCV  
  89  6:53  Marine  
  89  6:54  Marine x4  
  93  6:58  Missile Turret  
  93  7:00  Missile Turret  
  97  7:02  SCV, Missile Turret  
  97  7:03  SCV  
  97  7:08  Siege Tank  
  102  7:09  SCV  
  102  7:13  Supply Depot, Marine  
  102  7:14  Supply Depot, Marine x4  
  109  7:16  Marine  
  109  7:18  Marine x2  
  109  7:19  Marine  
  112  7:23  Medivac x2  
  112  7:28  Supply Depot  
  112  7:29  Supply Depot  
  116  7:31  Marine x3  
  116  7:33  Marine x2  
  116  7:34  Marine  
  116  7:35  Marine  
  123  7:42  Marine x2  
  124  7:47  Terran Infantry Weapons Level 2, Siege Tank  
  127  7:51  Terran Infantry Armor Level 2  
  127  7:55  Supply Depot, Marine x2  
  127  7:56  Marine x5  
  134  8:04  Medivac  
  136  8:08  Refinery, Marine  
  136  8:09  Marine  
  136  8:10  Medivac  
  136  8:12  Refinery  
  140  8:13  Marine x4  
  140  8:16  Marine x2  
  140  8:17  Marine  
  146  8:25  Siege Tank  
  146  8:26  Marine x2  
  151  8:30  Supply Depot  
  151  8:31  Marine x4  
  155  8:34  Marine x2  
  155  8:38  Factory  
  157  8:43  Medivac  
  157  8:45  Medivac  
  157  8:47  Marine x2  
  163  8:52  Marine  
  163  8:53  Marine x4  
  168  9:01  Marine  
  168  9:02  Marine  
  170  9:03  Siege Tank  
  170  9:07  Command Center  
  172  9:12  Marine  
  172  9:16  Marine x6  
  177  9:27  Marine  
  177  9:30  Marine  
  178  9:31  Supply Depot x2  
  178  9:35  Siege Tank  
  179  9:40  Marine  
  179  9:41  Marine  
  170  9:48  Marine  
  170  9:49  Marine x2, Barracks x2  
  170  9:52  Barracks  
Tags
 
Add a new tag
Caveats
  • Supply blocks, unpowered buildings, or Contaminate may cause inaccurate times.
  • Supply counts are checked every 10 seconds.